 Dungeon Crawl Stone Soup version 0.30-a0-691-g754fce4c43 (webtiles) character file.

Game seed: 17510627995339624718

88 bobo the Magician (level 4, 0/23 (25) HPs)
             Began as a Deep Elf Air Elementalist on Jan 20, 2023.
             Slain by an orc
             ... wielding a +1 short sword of draining
              (6 damage)
             ... on level 2 of the Dungeon.
             The game lasted 00:05:04 (2205 turns).

bobo the Magician (Deep Elf Air Elementalist)       Turns: 2205, Time: 00:05:04

HP:   0/23 (25)     AC:  2    Str:  5    XL:     4   Next: 30%
MP:   2/12          EV: 12    Int: 22    God:
Gold: 149           SH:  0    Dex: 15    Spells: 1/11 levels left

rFire   . . .      SeeInvis .    g - +0 whip (elec)
rCold   . . .      Faith    .    (no shield)
rNeg    . . .      Spirit   .    a - +0 robe
rPois   .          Reflect  .    (no helmet)
rElec   .          Harm     .    (no cloak)
rCorr   .          Rampage  .    (no gloves)
Will    .....                    (no boots)
Stlth   ++                       n - amulet of regeneration
HPRegen 1.03/turn                (no ring)
MPRegen 0.13/turn                (no ring)

@: very slightly contaminated, drained
A: no striking features
a: no special abilities


You were on level 2 of the Dungeon.
You visited 1 branch of the dungeon, and saw 3 of its levels.

You collected 149 gold pieces.

Inventory:

Hand Weapons
 g - a +0 whip of electrocution (weapon)
 k - a +1 dagger of holy wrath
Armour
 a - a +0 robe (worn)
Jewellery
 n - an amulet of regeneration (around neck)
Scrolls
 d - a scroll of teleportation {unknown}
 f - a scroll of enchant weapon {unknown}
 h - 2 scrolls of silence {unknown}
 i - a scroll of poison {unknown}
 p - 3 scrolls of identify {unknown}
 q - a scroll of acquirement {unknown}
 r - a scroll of immolation {unknown}
Potions
 b - a potion of magic
 c - a potion of flight {unknown}
 e - 2 potions of brilliance {unknown}
 j - a potion of cancellation {unknown}
 l - a potion of lignification {unknown}
 m - a potion of might {unknown}
 o - 2 potions of degeneration {unknown}
 s - 2 potions of curing {unknown}


   Skills:
 + Level 1.4 Fighting
 - Level 2.4 Dodging
 - Level 2.4 Stealth
 + Level 4.0 Spellcasting
 + Level 2.4 Conjurations
 + Level 3.6 Air Magic


You had one spell level left.
You knew the following spells:

 Your Spells              Type           Power      Damage    Failure   Level
a - Shock                 Conj/Air       68%        1d7       3%          1
b - Static Discharge      Conj/Air       34%        2-4/arc   4%          2
c - Swiftness             Air            20%        N/A       8%          3
d - Airstrike             Air            10%        2d(2-18)  24%         4

Your spell library contained the following spells:

 Spells                   Type           Power      Damage    Failure   Level
 Kiss of Death            Conj/Necr      36%        2d8       7%          1
 Freeze                   Ice            16%        1d4       11%         1
 Hailstorm                Conj/Ice       9%         3d4       21%         3
 Confusing Touch          Hex            4%         N/A       32%         3
 Frozen Ramparts          Ice            8%         1d2       32%         3
 Dispel Undead            Necr           4%         3d7       73%         4


Dungeon Overview and Level Annotations

Branches:
Dungeon (3/15)

Altars:
Fedhas

Annotations:
D:3 Natasha


Message History

Aiming: Shock (safe; 3% risk of failure)
Press: ? - help, Shift-Dir - straight line, f/p - orc
Aim: an orc, wielding a +1 short sword of draining and wearing a +0 leather armour (lightly wounded, 71% to hit)
The zap misses the orc.
The orc shouts!
Casting: Shock (safe; 3% risk of failure)
Confirm with . or Enter, or press ? or * to list all spells.
Aiming: Shock (safe; 3% risk of failure)
Press: ? - help, Shift-Dir - straight line, f - orc, p - orc
Aim: an orc, wielding a +0 hand axe (71% to hit)
The zap misses the orc.
The zap hits the orc.
The orc is lightly wounded.
Casting: Shock (safe; 3% risk of failure)
Confirm with . or Enter, or press ? or * to list all spells.
Aiming: Shock (safe; 3% risk of failure)
Press: ? - help, Shift-Dir - straight line, p - orc The zap hits the orc but does no damage.
The orc is lightly wounded.
The zap hits Natasha.
Natasha is moderately wounded.
Natasha mumbles some strange words.
You feel disoriented.
Casting: Shock (safe; 3% risk of failure)
Confirm with . or Enter, or press ? or * to list all spells.
The orc is struck by an arc of lightning.
The orc is heavily wounded.
The orc is struck by an arc of lightning.
The orc is heavily wounded.
The lightning grounds out.
The orc hits you with a +1 short sword of draining.
You feel drained.
The orc hits you with a +1 short sword of draining.
You feel drained. The orc hits you with a +0 hand axe.
You climb upwards.
There is a stone staircase leading down here.
The orc attacks as you move away! The orc hits you with a +0 hand axe.
* * * LOW HITPOINT WARNING * * *
The orc attacks as you move away!
The orc hits you with a +1 short sword of draining.
You die...

####.####.......# #.#
#.......#>......# ##.##
#.##.##.#.......# ##...##
#.##.##.#....(..# ##.....#
#.##.##.#.......# ##.......
#.##............###........
#................###.......
####.#.......#...####......
#.#....@o..†..........#.
#.#..#.o......######.###
#.............# ###
#............##
##########.........####
#######
.........##.####.#.#
#####......
########>##.####.#.##
#.......... #.##.........#
#'##..####. #.########...#
#..#..#....


You could see 2 orcs.

Vanquished Creatures
  A gnoll (D:2)
  An adder (D:2)
  A worm (D:2)
  4 dart slugs
  An orc (D:2)
  4 ball pythons
  4 bats
  8 endoplasms
  A giant cockroach (D:1)
  4 goblins
  7 hobgoblins
  2 jackals (D:2)
  7 kobolds
  2 quokkas
  5 frilled lizards
  2 rats
54 creatures vanquished.

Notes
Turn   | Place    | Note
-------+----------+-------------------------------------------
     0 | D:1      | bobo the Deep Elf Air Elementalist began the quest for the
                  | Orb.
     0 | D:1      | Reached XP level 1. HP: 10/10 MP: 6/6
   184 | D:1      | Reached XP level 2. HP: 15/16 MP: 5/8
   324 | D:1      | Learned a level 2 spell: Static Discharge
   721 | D:1      | Reached XP level 3. HP: 20/20 MP: 7/10
   725 | D:1      | Learned a level 3 spell: Swiftness
   827 | D:1      | Reached skill level 1 in Fighting
  1543 | D:2      | Found a blossoming altar of Fedhas.
  1750 | D:2      | Identified the +1 scale mail "Vaiwo" {*Slow Will+ rCorr}
  1922 | D:2      | Reached XP level 4. HP: 25/25 MP: 8/11
  1927 | D:2      | Learned a level 4 spell: Airstrike
  2106 | D:2      | Reached skill level 4 in Spellcasting
  2194 | D:3      | Found a faded altar of an unknown god.
  2196 | D:3      | Noticed Natasha
  2205 | D:2      | Slain by an orc

Illustrated notes

Levels and vault maps discovered:
D:1:      zelgadis_glass_arrival_large, layout_basic,
          amcnicky_mini_rare_corridor_liquid, skrybe_limestone_x,
          minmay_misc_feat_room
D:2:      minmay_chambers_of_twos, layout_loops_cross, basic_altar,
          minmay_pentomino_w2
D:3:      layout_loops_ring, hellmonk_ecumenical_altar_watching_god,
          kennysheep_generic_room_3, uniq_terence, uniq_natasha

Skill      XL: |  1  2  3  4 |
---------------+-------------+-----
Fighting       | 1 |  1.4
Conjurations   | 2 |  2.4
Spellcasting   | 4 |  4.0
Dodging        | |  2.4
Stealth        | |  2.4
Air Magic      | |  3.6

Action                   |  1- 3 |  4- 6 || total
-------------------------+-------+-------++-------
Melee: Whip              |     1 |       ||     1
 Cast: Shock             |    86 |    14 ||   100
       Static Discharge  |     1 |     2 ||     3
Armor: Robe              |     3 |       ||     3
Dodge: Dodged            |     7 |     3 ||    10

Table legend: (Time is in decaauts)
 A = Elapsed time spent in this place.
 B = Non-inter-level travel time spent in this place.
 C = Inter-level travel time spent in this place.
 D = Time resting spent in this place.
 E = Time spent auto-exploring this place.
 F = Levels seen in this place.
 G = Mean time per level.
                   A        B        C        D        E       F      G
               +--------+--------+--------+--------+--------+-----+--------+
         Total |   2204 |   2172 |     32 |      9 |   1883 |   3 |  734.7 |
       Dungeon |   2204 |   2172 |     32 |      9 |   1883 |   3 |  734.7 |
               +--------+--------+--------+--------+--------+-----+--------+

Top non-repeatable levels by time:
     D:1: 1141 daAuts
     D:2: 1053 daAuts
     D:3: 9 daAuts
